 Dungeon Crawl Stone Soup version 0.29-a0-824-gd827844252 (webtiles) character file.

Game seed: 5195771515761419941

201 Nick1 the Grave Robber (level 5, -2/35 HPs)
             Began as a Demonspawn Necromancer on July 10, 2022.
             Slain by a gnoll
             ... wielding a +0 flail
              (7 damage)
             ... on level 3 of the Dungeon.
             The game lasted 00:22:00 (2066 turns).

Nick1 the Grave Robber (Demonspawn Necromancer)     Turns: 2066, Time: 00:22:00

Health: -2/35      AC:  2    Str:  9    XL:     5   Next: 50%
Magic:  0/9        EV: 12    Int: 18    God:
Gold:   105        SH:  0    Dex: 13    Spells: 2/10 levels left

rFire   . . .      SeeInvis .   e - +1 dagger (venom)
rCold   . . .      Faith    .   (no shield)
rNeg    . . .      Spirit   .   a - +0 robe
rPois   .          Reflect  .   (helmet restricted)
rElec   .          Harm     .   (no cloak)
rCorr   .          Rampage  .   (no gloves)
Will    .....                   (no boots)
Stlth   ++........              (no amulet)
HPRegen 0.11/turn               (no ring)
MPRegen 0.11/turn               (no ring)

@: no status effects
A: antennae 1, powered by death 2
a: no special abilities


You were on level 3 of the Dungeon.
You visited 1 branch of the dungeon, and saw 3 of its levels.

You collected 105 gold pieces.

Inventory:

Hand Weapons
 e - a +1 dagger of venom (weapon)
 g - a +2 dagger of protection
Armour
 a - a +0 robe (worn)
Scrolls
 d - a scroll of immolation
 i - a scroll of fear
 k - a scroll of enchant armour
Potions
 b - a potion of magic
 c - a potion of haste
 f - a potion of might
 h - a potion of curing


   Skills:
 + Level 0.3 Fighting
 + Level 1.2 Short Blades
 + Level 2.4 Dodging
 + Level 2.3 Stealth
 + Level 3.3 Spellcasting
 + Level 5.7 Necromancy


You had 2 spell levels left.
You knew the following spells:

 Your Spells              Type           Power      Damage    Failure   Level
a - Necrotise             Necr           92%        1d8       1%          1
b - Vampiric Draining     Necr           23%        2d7       4%          3
c - Animate Dead          Necr           23%        N/A       16%         4

Your spell library contained the following spells:

 Spells                   Type           Power      Damage    Failure   Level
 Agony                    Necr           23%        N/A       38%         5


Dungeon Overview and Level Annotations

Branches:
Dungeon (3/15)

Altars:


Innate Abilities, Weirdness & Mutations

You have a pair of small antennae on your head.
You regenerate health from kills.


Message History

The gnoll hits you from afar with a +0 spear.
Casting: Necrotise (safe; 1% risk of failure)
Confirm with . or Enter, or press ? or * to list all spells.
Aiming: Vampiric Draining (dangerous; 4% risk of failure)
Press: ? - help, Shift-Dir - straight line, f/p - gnoll
Aim: a gnoll, wielding a +0 spear (lightly wounded)
You draw life force from the gnoll!
You kill the gnoll!
You feel life coursing into your body. The gnoll attacks as you move away!
The gnoll misses you. The gnoll attacks as you move away!
The gnoll hits you with a +0 club.
Casting: Vampiric Draining (dangerous; 4% risk of failure)
Confirm with . or Enter, or press ? or * to list all spells.
Aiming: Vampiric Draining (dangerous; 4% risk of failure)
Press: ? - help, Shift-Dir - straight line, f - gnoll
Aim: a gnoll, wielding a +0 club You draw life force from the gnoll!
You feel life coursing into your body. The gnoll hits you with a +0 club.
The gnoll attacks as you move away! The gnoll hits you with a +0 club.
* * * LOW HITPOINT WARNING * * *
The gnoll attacks as you move away! The gnoll closely misses you.
The gnoll attacks as you move away! The gnoll hits you with a +0 club.
* * * LOW HITPOINT WARNING * * *
The gnoll attacks as you move away! The gnoll hits you with a +0 club.
* * * LOW HITPOINT WARNING * * *
There is a stone staircase leading down here.
The gnoll attacks as you move away! The gnoll closely misses you.
The gnoll attacks as you move away! The gnoll closely misses you.
Casting: Vampiric Draining (dangerous; 4% risk of failure)
Confirm with . or Enter, or press ? or * to list all spells.
Aiming: Vampiric Draining (dangerous; 4% risk of failure)
Press: ? - help, Shift-Dir - straight line, f/p - gnoll
Aim: a gnoll, wielding a +0 club (severely wounded)
You draw life force from the gnoll!
You kill the gnoll!
You feel life coursing into your body. The gnoll attacks as you move away!
The gnoll hits you with a +0 flail.
* * * LOW HITPOINT WARNING * * *
The gnoll attacks as you move away! The gnoll hits you with a +0 flail!
You die...

#.###...### ##.##
#...# #.........# #.#
#...#
####....#.#######.#
#...#
#Z#.##.#Z......#
#...#
#.#......############
##.## #.####.###
#.......# ##.###
#..{Z.[# #.#####)#
#..... ########
#g#####.#####.####
#@##..........##<.
###?##.##.####..##.#
#...## ##.# #..##.#
#####.#..$ ...#
##..>...
##.#.#.#.#)#.###
#.......
#.#.#.#.#.#$#
#......)
##.#.#.#{#.#.#
#......)
#.#.#.#.#.#.##
#.......
##.#.#.#.#.#.#
#.......


You could see a gnoll.

Vanquished Creatures
  A scorpion (D:3)
  3 gnolls (D:3)
  2 adders
  A worm (D:2)
  4 dart slugs
  4 orcs (D:3)
  9 endoplasms
  2 giant cockroaches
  7 goblins
  11 hobgoblins
  A kobold (D:1)
  6 quokkas
  7 ball pythons
  6 bats
  2 frilled lizards (D:1)
  5 rats
71 creatures vanquished.

Vanquished Creatures (collateral kills)
  2 endoplasms
  A goblin (D:1)
  A hobgoblin (D:1)
4 creatures vanquished.

Vanquished Creatures (others)
  An endoplasm zombie (D:3)
  2 hobgoblin zombies (D:3)
3 creatures vanquished.

Grand Total: 78 creatures vanquished

Notes
Turn   | Place    | Note
-------+----------+-------------------------------------------
     0 | D:1      | Nick1 the Demonspawn Necromancer began the quest for the
                  | Orb.
     0 | D:1      | Reached XP level 1. HP: 13/13 MP: 3/3
     2 | D:1      | Noticed a vampire
     4 | D:1      | Noticed an elf
     4 | D:1      | Noticed a demonspawn
     6 | D:1      | Noticed a gargoyle
     8 | D:1      | Noticed a felid
     8 | D:1      | Noticed a ghoul
    10 | D:1      | Noticed an octopode
    12 | D:1      | Noticed an ogre
    12 | D:1      | Noticed a tengu
    14 | D:1      | Noticed a minotaur
    14 | D:1      | Noticed a formicid
    16 | D:1      | Noticed a spriggan
    18 | D:1      | Noticed a troll
    20 | D:1      | Noticed a demigod
    20 | D:1      | Noticed a draconian
    22 | D:1      | Noticed a merfolk
    22 | D:1      | Noticed a dwarf
    24 | D:1      | Noticed a vine stalker
    24 | D:1      | Noticed a naga
    26 | D:1      | Noticed a human
   165 | D:1      | Found a faded altar of an unknown god.
   196 | D:1      | Gained mutation: You have a pair of small antennae on your
                  | head. [demonic ancestry]
   196 | D:1      | Reached XP level 2. HP: 19/19 MP: 1/5
   346 | D:1      | Reached skill level 5 in Necromancy
   801 | D:2      | Gained mutation: You regenerate a little health from kills.
                  | [demonic ancestry]
   801 | D:2      | Reached XP level 3. HP: 24/24 MP: 4/6
   812 | D:2      | Learned a level 3 spell: Vampiric Draining
  1157 | D:2      | Reached skill level 1 in Short Blades
  1157 | D:2      | Gained mutation: You regenerate health from kills. [demonic
                  | ancestry]
  1157 | D:2      | Reached XP level 4. HP: 30/30 MP: 2/7
  1276 | D:2      | Learned a level 4 spell: Animate Dead
  1502 | D:3      | Noticed a scorpion
  1519 | D:3      | Killed a scorpion
  1520 | D:3      | Reached XP level 5. HP: 30/35 MP: 7/9
  2066 | D:3      | Slain by a gnoll

Illustrated notes

Levels and vault maps discovered:
D:1:      kb_arrival_jail, layout_loops_ring, nicolae_ecumenical_lake_church,
          amcnicky_mini_corridor_feature, minmay_pentomino_v2
D:2:      layout_basic, st_stairs_11
D:3:      layout_loops_cross, minmay_misc_feat_four_crosses, chequers_arboretum,
          minivault_23

Skill      XL: |  1  2  3  4 |
---------------+-------------+-----
Necromancy     | 5 |  5.7
Stealth        | 2 |  2.3
Short Blades   | 1 |  1.2
Dodging        | 2 |  2.4
Spellcasting   | 3 |  3.3
Fighting       | |  0.3

Action                   |  1- 3 |  4- 6 || total
-------------------------+-------+-------++-------
Melee: Dagger            |    56 |    60 ||   116
       Punch             |       |     2 ||     2
 Cast: Necrotise         |    46 |    10 ||    56
       Animate Dead      |       |     3 ||     3
       Vampiric Draining |       |     7 ||     7
  Use: Scroll            |     5 |     2 ||     7
 Stab: Sleeping          |     3 |     4 ||     7
Armor: Robe              |    14 |    14 ||    28
Dodge: Dodged            |    32 |    46 ||    78

Table legend: (Time is in decaauts)
 A = Elapsed time spent in this place.
 B = Non-inter-level travel time spent in this place.
 C = Inter-level travel time spent in this place.
 D = Time resting spent in this place.
 E = Time spent auto-exploring this place.
 F = Levels seen in this place.
 G = Mean time per level.
                   A        B        C        D        E       F      G
               +--------+--------+--------+--------+--------+-----+--------+
         Total |   2064 |   2015 |     49 |      0 |   1038 |   3 |  688.0 |
       Dungeon |   2064 |   2015 |     49 |      0 |   1038 |   3 |  688.0 |
               +--------+--------+--------+--------+--------+-----+--------+

Top non-repeatable levels by time:
     D:1: 800 daAuts
     D:3: 664 daAuts
     D:2: 599 daAuts
